 Seeded DCSS version 0.29.1-2-gbd0b4ee654 (webtiles) character file.

Game seed: 19941 (custom seed)

1204 Ashen the Scholar of Death (level 8, 0/55 (58) HPs)
             Began as a Demonspawn Necromancer on Oct 29, 2022.
             Was a Follower of Kikubaaqudgha.
             Slain by a wyvern zombie (5 damage)
             ... on level 7 of the Dungeon.
             The game lasted 00:14:31 (7503 turns).

Ashen the Scholar of Death (Demonspawn Necromancer) Turns: 7503, Time: 00:14:33

HP:   0/55 (58)     AC:  8    Str:  9    XL:     8   Next: 21%
MP:   14/14         EV: 13    Int: 18    God:    Kikubaaqudgha [*.....]
Gold: 326           SH:  0    Dex: 14    Spells: 4/15 levels left

rFire   . . .      SeeInvis .   p - +0 rapier (venom)
rCold   . . .      Faith    .   (no shield)
rNeg    . . .      Spirit   .   f - +3 leather armour
rPois   .          Reflect  .   (no helmet)
rElec   .          Harm     .   u - +0 cloak
rCorr   .          Rampage  .   l - +0 pair of gloves
Will    .....                   (no boots)
Stlth   +++.......              (no amulet)
HPRegen 0.18/turn               (no ring)
MPRegen 0.14/turn               (no ring)

@: drained
A: powered by death 2, sturdy frame 2, weakness stinger 1
a: Renounce Religion, Unearth Wretches


You were on level 7 of the Dungeon.
You worshipped Kikubaaqudgha.
Kikubaaqudgha was aware of your devotion.
You visited 2 branches of the dungeon, and saw 8 of its levels.

You collected 326 gold pieces.

Inventory:

Hand Weapons
 a - a +1 dagger of flaming
 j - a +0 whip of pain
 p - a +0 rapier of venom (weapon)
Armour
 f - a +3 leather armour (worn)
 l - a +0 pair of gloves (worn)
 u - a +0 cloak (worn)
Jewellery
 g - a +4 ring of protection
Wands
 w - a wand of digging (7)
Scrolls
 c - a scroll of magic mapping {unknown}
 d - 8 scrolls of identify {unknown}
 e - 4 scrolls of amnesia {unknown}
 h - a scroll of enchant armour {unknown}
 i - 2 scrolls of noise {unknown}
 q - a scroll of summoning {unknown}
 t - a scroll of torment {unknown}
 y - a scroll of enchant weapon {unknown}
 z - a scroll of poison {unknown}
 A - a scroll of teleportation {unknown}
 B - a scroll of vulnerability {unknown}
Potions
 b - a potion of lignification {unknown}
 k - a potion of ambrosia {unknown}
 m - 5 potions of curing {unknown}
 n - a potion of mutation {unknown}
 o - a potion of degeneration {unknown}
 r - a potion of haste {unknown}
 s - a potion of invisibility {unknown}
 v - a potion of berserk rage {unknown}
 x - 2 potions of flight {unknown}
 C - a potion of heal wounds {unknown}


   Skills:
 + Level 3.2 Fighting
 + Level 4.4 Dodging
 + Level 4.6 Stealth
 + Level 4.4 Spellcasting
 + Level 2.1 Summonings
 + Level 6.5 Necromancy


You had 4 spell levels left.
You knew the following spells:

 Your Spells              Type           Power      Damage    Failure   Level
a - Necrotise             Necr           100%       1d9       1%          1
b - Vampiric Draining     Necr           27%        2d7       3%          3
c - Animate Dead          Necr           27%        N/A       10%         4
d - Call Canine Familiar  Summ           11%        N/A       17%         3

Your spell library contained the following spells:

 Spells                   Type           Power      Damage    Failure   Level
 Sublimation of Blood     Necr           27%        N/A       1%          2
 Summon Small Mammal      Summ           44%        N/A       6%          1
 Summon Guardian Golem    Hex/Summ       7%         N/A       26%         3
 Portal Projectile        Hex/Tloc       6%         N/A       38%         3
 Tukima's Dance           Hex            3%         N/A       38%         3
 Agony                    Necr           27%        N/A       26%         5
 Blade Hands              Tmut           1%         N/A       98%         5


Dungeon Overview and Level Annotations

Branches:
Dungeon (7/15)             Temple (1/1) D:5

Altars:
Ashenzari
Cheibriados
Dithmenos
Fedhas
Hepliaklqana
Kikubaaqudgha
Nemelex Xobeh
Okawaru
Qazlal
Sif Muna
Trog
Uskayaw
Vehumet
Xom
Yredelemnul

Shops:
D:1 ([*   D:3 *   D:5 :   D:6 *


Innate Abilities, Weirdness & Mutations

You regenerate health from kills.
Your movements are less encumbered by armour. (ER -4)
You have a small tail.


Message History

The centaur zombie kicks you but does no damage.
The killer bee zombie misses you.
You barely miss the killer bee zombie.
The killer bee zombie is moderately damaged.
The killer bee zombie misses you. The wyvern zombie bites you!
The wight barely misses you.
The centaur zombie hits you but does no damage.
The centaur zombie closely misses you.
The wight hits you with a +0 long sword.
* * * LOW HITPOINT WARNING * * *
You feel drained. The killer bee zombie misses you.
You are too injured to fight recklessly!
You are too injured to fight recklessly!
Unknown command.
You are too injured to fight recklessly!
You are too injured to fight recklessly!
You closely miss the wight. Your punch misses the wight.
The wyvern zombie completely misses you.
The centaur zombie hits you but does no damage.
The centaur zombie kicks you.
* * * LOW HITPOINT WARNING * * *
The killer bee zombie barely misses you.
The wight closely misses you.
The wight hits you with a +0 long sword!
* * * LOW HITPOINT WARNING * * *
The wyvern zombie closely misses you.
The centaur zombie closely misses you. x2
The killer bee zombie barely misses you.
The wight hits you from afar with a +0 halberd.
* * * LOW HITPOINT WARNING * * *
The wight misses you.
Unknown command.
You hit the wight but do no damage.
The killer bee zombie closely misses you.
The wyvern zombie misses you.
The centaur zombie hits you but does no damage.
The centaur zombie kicks you but does no damage.
The killer bee zombie misses you. The wight barely misses you. x2
The wyvern zombie bites you.
You die...
Kikubaaqudgha rasps: "You have failed me!
Welcome... death!"

######## #
#§§§..!##
..#..##Zz.....#
......§@Zz§§..#
....$..§Z§§§§Z#
...##..#§§§§. .
...# §§.§§.#
.... ##...##
#..... ...#
.:.## .## #.#
.#


You could see 2 wights, a wyvern zombie, a killer bee zombie and a centaur
zombie.

Vanquished Creatures
  Duvessa (D:4)
  2 scorpions
  A bullfrog (D:6)
  2 necrophages
  Dowan (D:4)
  3 jellies
  2 hounds
  2 iguanas (D:6)
  5 orc wizards
  3 gnolls (D:2)
  9 adders
  An ufetubus (D:5)
  2 worms (D:3)
  4 dart slugs
  14 orcs
  7 endoplasms
  4 giant cockroaches
  5 goblins
  7 hobgoblins
  6 kobolds
  2 quokkas (D:1)
  4 ball pythons
  7 bats
  6 frilled lizards
  13 rats
113 creatures vanquished.

Vanquished Creatures (collateral kills)
  Menkaure (D:6)
  A hound (D:4)
  An iguana (D:6)
  An adder (D:4)
  A dart slug (D:3)
  8 orcs
  A goblin (D:1)
  A hobgoblin (D:1)
  A rat (D:2)
16 creatures vanquished.

Vanquished Creatures (others)
  A hound zombie (D:4)
  An iguana zombie (D:6)
  4 orc zombies (D:5)
  A rat zombie (D:3)
7 creatures vanquished.

Grand Total: 136 creatures vanquished

Notes
Turn   | Place    | Note
-------+----------+-------------------------------------------
     0 | D:1      | Ashen the Demonspawn Necromancer began the quest for the
                  | Orb.
     0 | D:1      | Reached XP level 1. HP: 13/13 MP: 3/3
   197 | D:1      | Found Riotof's Antique Weapon Shop.
   269 | D:1      | Gained mutation: Your movements are slightly less
                  | encumbered by armour. (ER -2) [demonic ancestry]
   269 | D:1      | Reached XP level 2. HP: 11/19 MP: 1/5
   532 | D:1      | Found a faded altar of an unknown god.
  1014 | D:1      | Found Vypiut's Assorted Antiques.
  1023 | D:1      | Gained mutation: You have a small tail. [demonic ancestry]
  1023 | D:1      | Reached XP level 3. HP: 24/24 MP: 3/6
  1053 | D:1      | Found Marruhor's Antique Armour Shoppe.
  1562 | D:2      | Learned a level 3 spell: Vampiric Draining
  1652 | D:2      | Reached XP level 4. HP: 30/30 MP: 4/7
  1850 | D:2      | Reached skill level 5 in Necromancy
  2736 | D:2      | Learned a level 4 spell: Animate Dead
  2772 | D:3      | Gained mutation: You regenerate a little health from kills.
                  | [demonic ancestry]
  2772 | D:3      | Reached XP level 5. HP: 29/35 MP: 1/9
  2939 | D:3      | Found a blossoming altar of Fedhas.
  3046 | D:3      | Found Deropsou's Assorted Antiques.
  3114 | D:3      | Found a hazy altar of Hepliaklqana.
  3205 | D:4      | Noticed Duvessa
  3205 | D:4      | Noticed Dowan
  3744 | D:4      | Killed Duvessa
  3745 | D:4      | Reached skill level 1 in Fighting
  3745 | D:4      | Gained mutation: You regenerate health from kills. [demonic
                  | ancestry]
  3745 | D:4      | Reached XP level 6. HP: 19/43 MP: 6/11
  3748 | D:4      | Killed Dowan
  4949 | D:5      | Entered Level 5 of the Dungeon
  4963 | D:5      | Reached XP level 7. HP: 49/49 MP: 8/12
  5039 | D:5      | Found a staircase to the Ecumenical Temple.
  5061 | Temple   | Entered the Ecumenical Temple
  5245 | Temple   | Became a worshipper of Kikubaaqudgha
  5382 | D:5      | Learned a level 3 spell: Call Canine Familiar
  5398 | D:5      | Reached skill level 6 in Necromancy
  5697 | D:5      | Found Neanacku's Book Shoppe.
  5698 | D:5      | Found a large runed translucent door.
  6011 | D:5      | Found a large runed translucent door.
  6020 | D:5      | Found a radiant altar of Vehumet.
  6026 | D:5      | Reached skill level 1 in Summonings
  6032 | D:5      | Found a bloodstained altar of Trog.
  6097 | D:6      | Found Imosk's Fire Supplies.
  6359 | D:6      | Found a sparkling altar of Nemelex Xobeh.
  6387 | D:6      | Reached * piety under Kikubaaqudgha
  6387 | D:6      | Received a gift from Kikubaaqudgha
  6581 | D:6      | Gained mutation: Your movements are less encumbered by
                  | armour. (ER -4) [demonic ancestry]
  6581 | D:6      | Reached XP level 8. HP: 52/58 MP: 14/14
  6908 | D:6      | Noticed Menkaure
  6921 | D:6      | Killed Menkaure
  7209 | D:7      | Found a shimmering altar of Xom.
  7209 | D:7      | Found a shimmering altar of Xom.
  7209 | D:7      | Found a shimmering altar of Xom.
  7209 | D:7      | Found a shimmering altar of Xom.
  7503 | D:7      | Slain by a wyvern zombie

Illustrated notes

Levels and vault maps discovered:
D:1:      lightli_arrival_lavapool, layout_basic, serial_shops, shop_fountains,
          shop, nicolae_shop_trees,
          hellmonk_ecumenical_altar_pennies_from_heaven
D:2:      layout_loops_ring, minmay_hexomino_c4
D:3:      layout_basic, mainiacjoe_overflow_surrounded_room,
          mainiacjoe_overflow_big_doors, serial_shops, shop,
          kennysheep_generic_room_6
D:4:      layout_layer_cave, uniq_duvessa
D:5:      layout_loops_ring, jmf_multi_god_temple2, temple_statues,
          serial_shops, shop
D:6:      layout_cave_pods, nemelex_spade_bored_becter, chequers_jeans,
          nicolae_shop_fire_sale [nicolae_sub_dead_trees],
          hellmonk_bongcloud_opening, item_on_display_a, uniq_menkaure
D:7:      layout_cave_pools, xom_shifter_show, serial_undead, serial_undead_c,
          serial_undead_a, serial_undead_f, serial_undead_a
Temple:   hellmonk_temple_forest_ring

Skill      XL: |  1  2  3  4  5  6  7  8 |
---------------+-------------------------+-----
Stealth        | 2 3 4 |  4.6
Dodging        | 2 3 4 |  4.4
Necromancy     | 5 6 |  6.5
Spellcasting   | 3 4 |  4.4
Fighting       | 1 3 |  3.2
Summonings     | 1 2 |  2.1

Action                   |  1- 3 |  4- 6 |  7- 9 || total
-------------------------+-------+-------+-------++-------
Melee: Unarmed           |     6 |       |       ||     6
       Dagger            |     3 |    47 |       ||    50
       Tailslap          |       |    11 |    23 ||    34
       Rapier            |       |    29 |   130 ||   159
       Punch             |       |     1 |     1 ||     2
 Cast: Necrotise         |    61 |    65 |       ||   126
       Vampiric Draining |       |     9 |     2 ||    11
       Animate Dead      |       |     3 |     4 ||     7
       Call Canine Famil |       |       |     6 ||     6
  Use: Potion            |       |     1 |       ||     1
 Stab: Sleeping          |     1 |     7 |     4 ||    12
Armor: Robe              |     1 |       |       ||     1
       Leather armour    |     7 |    32 |    72 ||   111
Dodge: Dodged            |    13 |    58 |   117 ||   188
